 Dungeon Crawl Stone Soup version 0.31-a0-1308-ga3cce3a448 (webtiles) character file.

Game seed: 3819954460284512512

14622 timneilson the Protected (level 12, -8/73 HPs)
             Began as a Gargoyle Fighter on Dec 19, 2023.
             Was a High Priest of Qazlal.
             Mangled by a yak (9 damage)
             ... on level 12 of the Dungeon.
             The game lasted 00:20:23 (10283 turns).

timneilson the Protected (Gargoyle Fighter)        Turns: 10283, Time: 00:20:23

Health: -8/73      AC: 35    Str: 20    XL:     12   Next: 18%
Magic:  16/16      EV:  9    Int: 10    God:    Qazlal [*****.]
Gold:   806        SH: 14    Dex: 19    Spells: 11/11 levels left

rFire   . . .        w - +4 scimitar (flame)
rCold   . . .        c - +1 buckler
rNeg    + . .        q - +0 plate armour
rPois   ∞            B - +2 hat {SInv}
rElec   +            r - +0 cloak
rCorr   .            f - +0 pair of gloves
SInv    +            C - +2 pair of boots
Will    .....        (no amulet) Stlth
                     u - ring of flight
HPRegen 0.32/turn    n - +6 ring of dexterity
MPRegen 0.15/turn

%: repel missiles
@: protected from physical damage, flying, studying Armour
A: sickness immunity, AC +8, negative energy resistance 1, electricity
resistance, torment resistance 1, petrification resistance
a: Renounce Religion, Upheaval, Elemental Force, Disaster Area


You were on level 12 of the Dungeon.
You worshipped Qazlal.
Qazlal was extremely pleased with you.
You visited 2 branches of the dungeon, and saw 13 of its levels.
You also visited: Sewer.

You collected 806 gold pieces.

Inventory:

Hand Weapons
 a - a +1 long sword
 d - the +5 long sword of Tartarus {drain, rN+ Stlth+}
   (You found it on level 4 of the Dungeon)

   rN+:       It protects you from negative energy.
   Stlth+:    It makes you more stealthy.
 w - a +4 scimitar of flaming (weapon)
Missiles
 G - a throwing net
Armour
 c - a +1 buckler (worn)
 f - a +0 pair of gloves (worn)
 q - a +0 plate armour (worn)
 r - a +0 cloak (worn)
 B - a +2 hat of see invisible (worn)
 C - a +2 pair of boots (worn)
Jewellery
 n - a +6 ring of dexterity (right hand)
 o - a ring of ice
 u - a ring of flight (left hand)
Wands
 m - a wand of digging (8)
 s - a wand of charming (3)
 t - a wand of flame (4)
 x - a wand of roots (6)
Scrolls
 j - 2 scrolls of enchant weapon
 k - a scroll of summoning
 v - a scroll of enchant armour
 y - 2 scrolls of revelation
 z - a scroll of vulnerability
 H - a scroll of teleportation
Potions
 b - 9 potions of curing
 e - 5 potions of enlightenment
 g - 2 potions of haste
 h - 2 potions of heal wounds
 i - 2 potions of attraction
 l - a potion of magic {unknown}
 p - 3 potions of lignification
 A - 3 potions of berserk rage {unknown}
 D - a potion of ambrosia
 E - a potion of might
 F - a potion of brilliance {unknown}


   Skills:
 + Level 7.9 Fighting
 * Level 8.6 Long Blades
 * Level 11.6 Armour
 + Level 5.1 Dodging
 * Level 10.5 Shields
 + Level 6.0 Invocations
 + Level 4.0 Evocations


You had 11 spell levels left.
You didn't know any spells.
Your spell library contained the following spells:

 Spells                   Type           Power      Damage    Failure   Level
 Apportation              Tloc           0%         N/A       100%        1
 Kiss of Death            Conj/Necr      0%         2d5       100%        1
 Necrotise                Necr           0%         1d4       100%        1
 Slow                     Hex            0%         N/A       100%        1
 Summon Small Mammal      Summ           0%         N/A       100%        1
 Blink                    Tloc           0%         N/A       100%        2
 Lesser Beckoning         Tloc           0%         N/A       100%        2
 Momentum Strike          Conj/Tloc      0%         3d8       100%        2
 Poisonous Vapours        Pois/Air       0%         N/A       100%        2
 Confusing Touch          Hex            0%         N/A       100%        3
 Mephitic Cloud           Conj/Pois/Air  0%         N/A       100%        3
 Sigil of Binding         Hex            0%         N/A       100%        3
 Vampiric Draining        Necr           0%         2d6       100%        3
 Dispel Undead            Necr           0%         3d6       100%        4
 Freezing Cloud           Conj/Ice/Air   0%         6-21      100%        5


Dungeon Overview and Level Annotations

Branches:
Dungeon (12/15)            Temple (1/1) D:7            Lair (0/5) D:8
    Orc (0/2) D:11          Sewer (visited)

Altars:
Ashenzari
Cheibriados
Dithmenos
Elyvilon
Fedhas
Gozag
Hepliaklqana
Kikubaaqudgha
Makhleb
Nemelex Xobeh
Okawaru
Qazlal
Ru
Sif Muna
Trog
Uskayaw
Vehumet
Wu Jian
Xom
Yredelemnul
Zin
The Shining One

Annotations:
D:5 2 transporters, bmb222's ghost, weakling DsDe


Innate Abilities, Weirdness & Mutations

You are immune to sickness and miasma.
Your stone body is resilient. (AC +8)
You are immune to poison.
You resist negative energy. (rN+)
You are resistant to electric shocks. (rElec)
You are resistant to unholy torment.
You are immune to petrification.


Message History

You kill the yak!
Qazlal accepts your kill. You block the yak's attack.
The yak gores you but does no damage. x2
Your Invocations skill increases to level 6!
Unknown command.
You slash the yak! You burn the yak.
The yak is moderately wounded.
You block the yak's attack. x2; The yak closely misses you.
You slash the yak! You burn the yak.
The yak is heavily wounded.
You block the yak's attack. x2; The yak gores you but does no damage.
You hit the yak. You burn the yak.
The yak is heavily wounded.
You block the yak's attack.
The yak gores you but does no damage. x2
You hit the yak. You burn the yak.
The yak is severely wounded.
You block the yak's attack. You block the slime creature's attack.
The yak gores you but does no damage. x2
You slash the slime creature! You burn the slime creature.
The slime creature is lightly wounded.
The yak gores you but does no damage. You block the yak's attack.
You block the slime creature's attack. The yak gores you.
You slash the slime creature! You burn the slime creature.
The slime creature is heavily wounded.
You block the yak's attack.
The slime creature is engulfed in a thunderstorm.
Two slime creatures merge to form a large slime creature.
You block the yak's attack. The yak gores you.
You feel more protected from physical attacks.
You slash the large slime creature! You burn the large slime creature.
The large slime creature is heavily wounded.
The yak gores you but does no damage. You block the yak's attack. x2
You slash the large slime creature! You burn the large slime creature.
The large slime creature is severely wounded.
The yak gores you!
You feel more protected from physical attacks.
You block the yak's attack. The large slime creature hits you!!
* * * LOW HITPOINT WARNING * * *
The yak gores you!
You die...

##.#.# #.##.## ##.......##
##..^.########.#...####.........#
..........YY..........'.........+
##...#########.#...####.........#
##.## ####.##.## ##.......## #.#
#.......# ##.....## #.# #...§.§.#
##...## #.# #....YJY# ##+## #.#
#....○@†# #.# #.# #....Y°.# #.#
## #.# #....°.§# ##.## #. ..#
#.......# ######...###.
#####.#####...).....#..
#..............##..
#######............ #.....#.###.#
#..(<.#.# #.#


You could see a large slime creature and 3 yaks.

Vanquished Creatures
  Gastronok (D:10)
  Erica (D:8)
  2 two-headed ogres (D:10)
  A cyclops (D:6)
  Joseph (D:8)
  An unseen horror (D:11)
  4 trolls
  Prince Ribbit (D:7)
  2 hornets
  7 slime creatures
  2 shadows
  12 yaks
  2 wyverns
  A wraith (D:9)
  Grum (D:11)
  A steam dragon (D:9)
  An acid dragon (D:8)
  2 water moccasins
  7 orc warriors
  An ice beast (D:5)
  3 black bears
  A sky beast (D:8)
  3 wolves (D:11)
  3 ogres
  2 centaurs
  3 phantoms (D:6)
  3 kobold brigands
  5 bullfrogs
  A scorpion (D:6)
  A gnoll sergeant (D:11)
  14 wights
  2 howler monkeys (D:7)
  6 hounds
  4 jellies
  Crazy Yiuf (D:5)
  A gnoll bouda (D:7)
  11 orc priests
  6 sleepcaps
  Jessica (D:2)
  Natasha (twice) (D:2)
  3 iguanas (D:5)
  18 orc wizards
  Robin (D:3)
  8 gnolls
  6 adders
  4 river rats
  A shadow imp (D:7)
  A white imp (D:6)
  2 ufetubi (D:5)
  6 worms
  3 dart slugs
  57 orcs
  4 endoplasms
  3 giant cockroaches
  11 hobgoblins
  6 jackals
  21 kobolds
  6 quokkas
  4 ball pythons
  4 bats
  4 frilled lizards
  8 goblins
  15 rats
320 creatures vanquished.

Notes
Turn   | Place    | Note
-------+----------+-------------------------------------------
     0 | D:1      | timneilson the Gargoyle Fighter began the quest for the
                  | Orb.
     0 | D:1      | Reached XP level 1. HP: 14/14 MP: 1/1
    23 | D:1      | You fall into a shaft and drop 1 floor!
   124 | D:1      | Reached XP level 2. HP: 12/19 MP: 2/2
   451 | D:1      | Reached XP level 3. HP: 22/23 MP: 3/3
   733 | D:2      | Noticed Natasha
   740 | D:2      | Killed Natasha
   741 | D:2      | Reached XP level 4. HP: 18/28 MP: 4/4
   786 | D:2      | Found a faded altar of an unknown god.
   799 | D:2      | Noticed Jessica
   809 | D:2      | Killed Jessica
   810 | D:2      | Reached skill level 4 in Armour
  1149 | D:2      | Noticed Natasha
  1165 | D:2      | Killed Natasha
  1166 | D:2      | Reached skill level 1 in Dodging
  1241 | D:3      | Reached XP level 5. HP: 28/32 MP: 5/5
  1282 | D:3      | Found a glowing drain.
  1319 | Sewer    | Entered a sewer
  1451 | Sewer    | Noticed a kobold brigand
  1468 | Sewer    | Killed a kobold brigand
  1469 | Sewer    | Reached XP level 6. HP: 30/38 MP: 6/6
  1562 | Sewer    | Found a white marble altar of Elyvilon.
  1832 | D:3      | Noticed Robin
  1862 | D:3      | Killed Robin
  2493 | D:4      | Found a stormy altar of Qazlal.
  2500 | D:4      | Became a worshipper of Qazlal Stormbringer
  2533 | D:4      | Noticed a black bear
  2551 | D:4      | Killed a black bear
  2600 | D:4      | Reached skill level 5 in Shields
  2620 | D:4      | Identified the +5 long sword of Tartarus {drain, rN+
                  | Stlth+}
  2623 | D:4      | Found an opulent altar of Gozag.
  2652 | D:4      | Reached skill level 5 in Armour
  2652 | D:4      | Reached XP level 7. HP: 43/43 MP: 7/7
  3346 | D:5      | Entered Level 5 of the Dungeon
  3372 | D:5      | Found a transporter.
  3387 | D:5      | Found a transporter.
  3388 | D:5      | Noticed bmb222's ghost (weakling DsDe)
  3479 | D:5      | Reached * piety under Qazlal
  3884 | D:5      | Reached XP level 8. HP: 48/48 MP: 8/8
  3905 | D:5      | Found a hazy altar of Hepliaklqana.
  3905 | D:5      | Found a white marble altar of Elyvilon.
  3906 | D:5      | Found a snail-covered altar of Cheibriados.
  4229 | D:5      | Found a runed translucent door.
  4230 | D:5      | Noticed Crazy Yiuf
  4236 | D:5      | Killed Crazy Yiuf
  4376 | D:6      | Reached skill level 6 in Armour
  4378 | D:6      | Reached skill level 1 in Invocations
  4385 | D:6      | Reached skill level 5 in Fighting
  4577 | D:6      | Reached skill level 5 in Long Blades
  4670 | D:6      | Reached XP level 9. HP: 46/54 MP: 10/10
  4876 | D:6      | Reached skill level 7 in Armour
  4930 | D:6      | Noticed a cyclops
  4941 | D:6      | Killed a cyclops
  4944 | D:6      | Reached ** piety under Qazlal
  5240 | D:6      | Found a blossoming altar of Fedhas.
  5535 | D:7      | Found a staircase to the Ecumenical Temple.
  5541 | Temple   | Entered the Ecumenical Temple
  6071 | D:7      | Noticed Prince Ribbit
  6074 | D:7      | Killed Prince Ribbit
  6075 | D:7      | Reached skill level 1 in Evocations
  6075 | D:7      | Reached XP level 10. HP: 54/60 MP: 12/12
  6296 | D:8      | Reached skill level 8 in Armour
  6303 | D:8      | Noticed Joseph
  6323 | D:8      | Killed Joseph
  6507 | D:8      | Noticed Erica
  6517 | D:8      | Killed Erica
  6517 | D:8      | Reached *** piety under Qazlal
  6616 | D:8      | Found a broken altar of Ashenzari.
  6653 | D:8      | Found a staircase to the Lair.
  7281 | D:9      | Reached skill level 9 in Armour
  7315 | D:9      | Found a shimmering altar of Xom.
  7415 | D:9      | Reached XP level 11. HP: 66/66 MP: 14/14
  7591 | D:9      | Identified a scroll of acquirement
  7591 | D:9      | Acquired a manual of Armour
  7655 | D:10     | Entered Level 10 of the Dungeon
  7655 | D:10     | Found an ancient bone altar of Kikubaaqudgha.
  7792 | D:10     | Noticed Gastronok
  7811 | D:10     | Killed Gastronok
  7812 | D:10     | Reached skill level 5 in Invocations
  7834 | D:10     | Reached skill level 10 in Armour
  7904 | D:10     | Noticed a two-headed ogre
  7931 | D:10     | Killed a two-headed ogre
  8143 | D:10     | Reached **** piety under Qazlal
  8146 | D:10     | Noticed a two-headed ogre
  8160 | D:10     | Killed a two-headed ogre
  8368 | D:10     | Reached skill level 10 in Shields
  8671 | D:10     | Found a shadowy altar of Dithmenos.
  9017 | D:11     | Noticed Grum
  9027 | D:11     | Killed Grum
  9222 | D:11     | Reached skill level 11 in Armour
  9464 | D:11     | Reached skill level 5 in Dodging
  9491 | D:11     | Reached XP level 12. HP: 73/73 MP: 16/16
  9501 | D:11     | Found a staircase to the Orcish Mines.
 10274 | D:12     | Reached ***** piety under Qazlal
 10283 | D:12     | HP: 1/73 [large slime creature (23)]
 10283 | D:12     | Mangled by a yak

Illustrated notes

Levels and vault maps discovered:
D:1:      grunt_arrival_crossed_arrows, layout_rooms
D:2:      layout_basic, hellmonk_ecumenical_altar_run_dry, uniq_jessica,
          uniq_natasha
D:3:      layout_basic, mainiacjoe_sewer_entry_somewhere_in_here_1, uniq_robin
D:4:      layout_loops_corners, nicolae_qazlal_eye_of_the_storm,
          mainiacjoe_overflow_tiny_flanked, st_stairs_2
D:5:      layout_loops_ring, gammafunk_temple_overflow_claw,
          gammafunk_ghost_hive, kennysheep_generic_room_2,
          uniq_crazy_yiuf_cottage
D:6:      layout_loops_cross, kennysheep_mini_moat, grunt_ministairs_15,
          minmay_three_doors
D:7:      layout_loops_corners, minmay_temple_entry_crystal_x,
          uniq_prince_ribbit1
D:8:      layout_cave_pools, evilmike_ruin_ashenzari, dpeg_oklobed_lair,
          uniq_joseph, uniq_erica
D:9:      layout_roguey, nicolae_overflow_crystal_walls, item_on_display_a
D:10:     layout_small_grid, kiku_gazebo_garden_becter,
          nicolae_dithmenos_through_a_glass_darkly, uniq_gastronok
D:11:     layout_loops_corners, hiddenorc2_lemuel, uniq_grum
D:12:     layout_loops_corners, uniq_psyche, uniq_frances
Temple:   hellmonk_temple_forest_ring

Skill      XL: |  1  2  3  4  5  6  7  8  9 10 11 12 |
---------------+-------------------------------------+-----
Long Blades    | 2 3 4 5 6 7 8 |  8.6
Armour         | 4 5 6 7 9 11 | 11.6
Shields        | 4 5 6 8 9 10 | 10.5
Dodging        | 1 2 3 4 5 |  5.1
Fighting       | 4 5 6 7 |  7.9
Invocations    | 1 3 4 5 6 |  6.0
Evocations     | 1 2 3 4 |  4.0

Action                     |  1- 3 |  4- 6 |  7- 9 | 10-12 || total
---------------------------+-------+-------+-------+-------++-------
  Melee: Long sword        |    76 |   214 |   278 |   329 ||   897
         Scimitar          |       |       |       |   226 ||   226
  Evoke: Wand              |       |       |       |     5 ||     5
    Use: Scroll            |     5 |     4 |     3 |     6 ||    18
         Potion            |       |     1 |       |     2 ||     3
 Armour: Scale mail        |    45 |    16 |       |       ||    61
         Chain mail        |       |   172 |   176 |       ||   348
         Plate armour      |       |       |    34 |   389 ||   423
  Dodge: Dodged            |    39 |    98 |    93 |   142 ||   372
  Block: Buckler           |    11 |    66 |   125 |   381 ||   583

Table legend: (Time is in decaauts)
 A = Elapsed time spent in this place.
 B = Non-inter-level travel time spent in this place.
 C = Inter-level travel time spent in this place.
 D = Time resting spent in this place.
 E = Time spent auto-exploring this place.
 F = Levels seen in this place.
 G = Mean time per level.
                   A        B        C        D        E       F      G
               +--------+--------+--------+--------+--------+-----+--------+
         Total |  10492 |  10180 |    312 |     21 |   7558 |  14 |  749.4 |
       Dungeon |  10167 |   9855 |    312 |     21 |   7336 |  12 |  847.2 |
        Temple |      1 |      1 |      0 |      0 |      0 |   1 |    1.0 |
         Sewer |    323 |    323 |      0 |      0 |    222 |   1 |  323.0 |
               +--------+--------+--------+--------+--------+-----+--------+

Top non-repeatable levels by time:
    D:11: 1198 daAuts
    D:10: 1178 daAuts
     D:6: 1052 daAuts
     D:3: 980 daAuts
     D:5: 964 daAuts
     D:7: 945 daAuts
     D:4: 906 daAuts
     D:8: 737 daAuts
     D:9: 691 daAuts
     D:2: 678 daAuts
     D:1: 577 daAuts
   Sewer: 323 daAuts
    D:12: 255 daAuts
  Temple: 1 daAuts
